 Dungeon Crawl Stone Soup version 0.29.0-5-ge4962eb29e (webtiles) character file.

Game seed: 17229745661657168024

4071 unlimited1921 the Thaumaturge (level 10, -4/64 HPs)
             Began as a Djinni Fire Elementalist on Aug 29, 2022.
             Was a Believer of Fedhas.
             Slain by Duvessa
             ... wielding a +0 short sword
              (11 damage)
             ... on level 7 of the Dungeon.
             The game lasted 00:46:45 (14670 turns).

unlimited1921 the Thaumaturge (DjFE)               Turns: 14670, Time: 00:46:45

Health: -4/64      AC: 12    Str:  7    XL:     10   Next: 49%
Gold:   445        EV: 28    Int: 21    God:    Fedhas [**....] SH:  0 Dex: 14

rFire   + + +      SeeInvis .   m - +0 hand axe (venom)
rCold   x x .      Faith    .   (no shield)
rNeg    . . .      Spirit   .   S - +2 robe {Will+}
rPois   ∞          Reflect  .   e - +1 helmet
rElec   .          Harm     .   r - +0 cloak
rCorr   .          Rampage  .   p - +0 pair of gloves
Will    ++++.                   (boots unavailable)
Stlth   ++........              o - amulet "Toil" {Acrobat rF+ rC- Will++}
HPRegen 0.20/turn               L - +4 ring of protection
MPRegen 0.00/turn               (no ring)

@: acrobatic, flying
A: sickness immunity, fire resistance 2, cold vulnerability 1, float, innate
caster, HP casting, extra vitality 1
a: Renounce Religion, Wall of Briars


You were on level 7 of the Dungeon.
You worshipped Fedhas.
Fedhas was pleased with you.
You visited 1 branch of the dungeon, and saw 7 of its levels.
You also visited: Ossuary.

You collected 445 gold pieces.

Inventory:

Hand Weapons
 a - a +0 war axe
 m - a +0 hand axe of venom (weapon)
 v - a +0 trident
 O - a +2 falchion of holy wrath
 Q - a +3 whip
 T - a +0 arbalest
Missiles
 f - 52 stones
 k - 6 boomerangs (quivered)
 I - 10 poisoned darts
 N - a throwing net
 R - 2 silver boomerangs
Armour
 b - a +0 leather armour
 e - a +1 helmet (worn)
 n - a +0 ring mail
 p - a +0 pair of gloves (worn)
 r - a +0 cloak (worn)
 S - a +2 robe of willpower (worn)
Jewellery
 o - the amulet "Toil" (around neck) {Acrobat rF+ rC- Will++}
   (You found it on level 2 of the Dungeon)

   [amulet of the acrobat]

   It increases your evasion while moving and waiting.
   rF:        It protects you from fire.
   rC:        It makes you vulnerable to cold.
   Will:      It greatly increases your willpower.
 L - a +4 ring of protection (left hand)
 M - an amulet of reflection
Wands
 J - a wand of light (6)
Scrolls
 d - a scroll of butterflies
 j - a scroll of immolation
 q - a scroll of enchant armour
 s - 3 scrolls of magic mapping
 t - 3 scrolls of teleportation {unknown}
 u - a scroll of blinking
 w - 2 scrolls of summoning {unknown}
 x - 2 scrolls of noise {unknown}
 y - 3 scrolls of vulnerability {unknown}
 A - 3 scrolls of silence {unknown}
 B - a scroll of fear
 K - 2 scrolls of poison {unknown}
Potions
 c - a potion of heal wounds {unknown}
 g - a potion of invisibility {unknown}
 h - 2 potions of cancellation
 i - 6 potions of curing
 z - 3 potions of brilliance {unknown}
 C - a potion of lignification {unknown}
 D - 2 potions of attraction {unknown}
 E - a potion of haste {unknown}
 F - a potion of might {unknown}
 G - 2 potions of flight {unknown}
 P - a potion of magic {unknown}


   Skills:
 + Level 1.8 Fighting
 + Level 1.0 Axes
 + Level 2.2 Throwing
 + Level 3.7 Armour
 + Level 3.5 Dodging
 + Level 3.3 Stealth
 + Level 10.1 Spellcasting


You had 6 spell levels left.
You knew the following spells:

 Your Spells              Type           Power      Damage    Failure   Level
a - Foxfire               Conj/Fire      100%       2x1d9     1%          1
b - Scorch                Fire           100%       2d10      1%          2
c - Conjure Flame         Conj/Fire      52%        6-21      1%          3
d - Inner Flame           Hex/Fire       52%        N/A       1%          3
e - Flame Wave            Conj/Fire      52%        2d13      1%          4
f - Freeze                Ice            100%       1d11      1%          1
g - Call Imp              Summ           52%        N/A       1%          2
h - Portal Projectile     Hex/Tloc       100%       N/A       1%          3
i - Ice Form              Ice/Tmut       52%        N/A       1%          4
Your spell library was empty.

Dungeon Overview and Level Annotations

Branches:
Dungeon (7/15)            Ossuary (visited)
 Temple: D:4-7

Altars:
Elyvilon
Fedhas
Nemelex Xobeh
Okawaru

Annotations:
D:4 1 runed translucent door, Zonian's ghost, amateur DsIE
D:7 Duvessa


Innate Abilities, Weirdness & Mutations

You are immune to sickness and miasma.
You are immune to poison.
Your flesh is very heat resistant. (rF++)
You are vulnerable to cold. (rC-)
You float through the air rather than walking.
You learn spells naturally, not from books.
Your magical power is your life essence.
You have superior vitality. (+4 MHP)


Message History

Aim: an orc, wielding a +0 whip (ally target, chance to affect: 98%)
The orc is filled with an inner flame.
The foxfire hits the orc.
Flame seeps out of the orc.
The orc is heavily wounded.
The orc is engulfed in blazing flames.
Fedhas appreciates your contribution to the ecosystem.
The orc explodes!
Duvessa, Sister of Dowan comes into view.
She is wielding a +0 short sword.
Duvessa goes berserk!
Casting: Inner Flame (safe; 1% risk of failure)
Confirm with . or Enter, or press ? or * to list all spells.
Flames lash Duvessa.
Duvessa is lightly wounded.
Duvessa's fire resistance burns away.
Duvessa is engulfed in blazing flames.
Duvessa hits you with a +0 short sword. Duvessa attacks as you move away!
Duvessa hits you with a +0 short sword!
Duvessa is engulfed in blazing flames.
Duvessa completely misses you.
Casting: Scorch (safe; 1% risk of failure)
Confirm with . or Enter, or press ? or * to list all spells.
Flames lash Duvessa.
Duvessa is burned terribly!
Duvessa is heavily wounded.
Duvessa hits you but does no damage. Duvessa closely misses you.
Casting: Scorch (safe; 1% risk of failure)
Confirm with . or Enter, or press ? or * to list all spells.
Flames lash Duvessa but do no damage.
Duvessa hits you with a +0 short sword. Duvessa hits you with a +0 short sword.
Casting: Scorch (safe; 1% risk of failure)
Confirm with . or Enter, or press ? or * to list all spells.
Flames lash Duvessa.
Duvessa is burned terribly!
Duvessa is severely wounded.
* * * LOW HITPOINT WARNING * * *
Duvessa hits you with a +0 short sword!
* * * LOW HITPOINT WARNING * * *
Duvessa completely misses you. Duvessa completely misses you.
Duvessa attacks as you move away! Duvessa closely misses you.
Duvessa hits you with a +0 short sword!
You die...
Fedhas appreciates your contribution to the ecosystem.

.. #.#.# ...+....
..#.#.# ...>..
#...# #+###...#
........###########
...).)...o....e@..#
..###..#########.##
)..). #.# ####..
#.# #.. #.# #.. #.#
#.. #.# ... #.# #.#


You could see Duvessa (berserk, combustible) and an orc warrior.

Vanquished Creatures
  A hydra (D:7)
  A troll (D:5)
  Prince Ribbit (D:5)
  5 yaks (D:6)
  Eustachio (D:5)
  A black bear (D:5)
  An orc warrior (D:6)
  An ice beast (D:6)
  A sky beast (D:5)
  An ogre (D:6)
  2 phantoms (D:4)
  2 scorpions
  A bullfrog (D:6)
  A necrophage (D:6)
  4 water moccasin zombies (Ossuary)
  Dowan (D:7)
  A howler monkey (D:5)
  2 hounds
  4 orc priests
  A gnoll bouda (D:5)
  A jelly (D:5)
  4 iguanas (D:5)
  10 orc wizards
  2 mummies (Ossuary)
  Robin (D:2)
  8 gnolls (D:5)
  8 adders
  5 adder zombies (Ossuary)
  A worm (D:3)
  2 dart slugs
  32 orcs
  9 ball pythons
  4 endoplasms
  2 giant cockroaches
  9 goblins
  9 hobgoblins
  2 jackals (D:1)
  3 quokkas
  7 bats
  A frilled lizard (D:1)
  A goblin zombie (D:4)
  2 hobgoblin zombies (Ossuary)
  8 kobolds
  7 kobold zombies (Ossuary)
  3 orc zombies (Ossuary)
  A quokka zombie (D:4)
  6 rats
181 creatures vanquished.

Vanquished Creatures (collateral kills)
  Blork the orc (D:6)
  A scorpion (D:6)
2 creatures vanquished.

Vanquished Creatures (others)
  468 foxfires
  A fungus (D:5)
469 creatures vanquished.

Grand Total: 652 creatures vanquished

Notes
Turn   | Place    | Note
-------+----------+-------------------------------------------
     0 | D:1      | unlimited1921 the Djinni Fire Elementalist began the quest
                  | for the Orb.
     0 | D:1      | unlimited1921 set off with the following spells memorised:
                  | Foxfire, Scorch, Conjure Flame, Inner Flame, Flame Wave.
     0 | D:1      | Reached XP level 1. HP: 15/15 MP: 0/0
   266 | D:1      | Reached XP level 2. HP: 13/21 MP: 0/0
   614 | D:1      | Found a large runed translucent door.
   614 | D:1      | Found a large runed translucent door.
  1445 | D:1      | Reached skill level 3 in Spellcasting
  1449 | D:1      | Reached XP level 3. HP: 16/25 MP: 0/0
  1449 | D:1      | Learned a level 1 spell: Freeze
  3190 | D:1      | Reached XP level 4. HP: 29/31 MP: 0/0
  3702 | D:2      | Identified the amulet "Toil" {Acrobat rF+ rC- Will++}
  4380 | D:2      | Noticed Robin
  4389 | D:2      | Killed Robin
  4457 | D:2      | Reached XP level 5. HP: 29/36 MP: 0/0
  4457 | D:2      | Learned a level 2 spell: Call Imp
  5445 | D:3      | Found an iron altar of Okawaru.
  5473 | D:3      | Reached skill level 1 in Armour
  6761 | D:4      | Found a sand-covered staircase.
  6803 | Ossuary  | Entered an ossuary
  6811 | Ossuary  | Reached XP level 6. HP: 35/41 MP: 0/0
  6990 | Ossuary  | Reached skill level 1 in Fighting
  6990 | Ossuary  | Reached skill level 4 in Spellcasting
  7403 | Ossuary  | Reached XP level 7. HP: 39/47 MP: 0/0
  7403 | Ossuary  | Learned a level 3 spell: Portal Projectile
  7893 | D:4      | Reached skill level 5 in Spellcasting
  7908 | D:4      | Reached skill level 1 in Axes
  8635 | D:4      | Found a sparkling altar of Nemelex Xobeh.
  8977 | D:4      | Found a runed translucent door.
  8984 | D:4      | Noticed Zonian's ghost (amateur DsIE)
  9739 | D:5      | Entered Level 5 of the Dungeon
  9869 | D:5      | Reached XP level 8. HP: 48/54 MP: 0/0
  9993 | D:5      | Noticed a troll
 10013 | D:5      | Killed a troll
 10014 | D:5      | Reached skill level 6 in Spellcasting
 10167 | D:5      | Found a blossoming altar of Fedhas.
 10193 | D:5      | Became a worshipper of Fedhas Madash
 10261 | D:5      | Reached skill level 1 in Throwing
 10712 | D:5      | Noticed Eustachio
 10714 | D:5      | Noticed Prince Ribbit
 10727 | D:5      | Reached XP level 9. HP: 36/58 MP: 0/0
 10727 | D:5      | Learned a level 4 spell: Ice Form
 10742 | D:5      | Killed Prince Ribbit
 10743 | D:5      | Reached skill level 7 in Spellcasting
 11052 | D:5      | Killed Eustachio
 11342 | D:5      | Found a white marble altar of Elyvilon.
 11967 | D:6      | Noticed Blork the orc
 11975 | D:6      | Killed Blork the orc
 12203 | D:6      | Reached * piety under Fedhas
 12204 | D:6      | Reached skill level 8 in Spellcasting
 12967 | D:6      | Reached XP level 10. HP: 46/64 MP: 0/0
 12971 | D:6      | Reached skill level 9 in Spellcasting
 13689 | D:6      | Reached ** piety under Fedhas
 14341 | D:7      | Noticed a six-headed hydra
 14344 | D:7      | Killed a six-headed hydra
 14345 | D:7      | Reached skill level 10 in Spellcasting
 14653 | D:7      | Noticed Dowan
 14656 | D:7      | Killed Dowan
 14658 | D:7      | Noticed Duvessa
 14670 | D:7      | Slain by Duvessa

Illustrated notes

Levels and vault maps discovered:
D:1:      erik_arrival_cave_to_civilisation [erik_arrival_cave_to_temple],
          layout_basic, st_stairs_7
D:2:      layout_basic, serial_glass, glass_columns_b, glass_columns_a,
          glass_columns_b, uniq_robin
D:3:      layout_loops_ring, lemuel_tele_altar, minmay_misc_feat_tower
D:4:      layout_basic, mainiacjoe_overflow_divided_tiny, enter_ossuary_4,
          ebering_ghost_inner_flame
D:5:      layout_loops_ring, kennysheep_mini, fedhas_altar_2,
          hangedman_decor_points, dreamdust_gnoll_farm, uniq_eustachio,
          uniq_prince_ribbit1
D:6:      cheibrodos_quashed, layout_layer_cave, uniq_blork_the_orc
D:7:      minmay_the_grid_four_pointed_star
          [minmay_the_grid_triangle_9x9_zippers_horizontal,
          minmay_the_grid_triangle_9x9_wacky_v,
          minmay_the_grid_triangle_9x9_sprig,
          minmay_the_grid_triangle_9x9_fully_insulated_deathbox,
          minmay_the_grid_prize_trominoes], layout_basic,
          mainiacjoe_overflow_alcove_4, lemuel_coloured_pillars_altar,
          minmay_temple_entry_stoned_glass, uniq_pikel, uniq_duvessa

Skill      XL: |  1  2  3  4  5  6  7  8  9 10 |
---------------+-------------------------------+-----
Spellcasting   | 3 4 5 6 8 10 | 10.1
Stealth        | 2 3 |  3.3
Armour         | 1 2 3 |  3.7
Fighting       | 1 |  1.8
Dodging        | 3 |  3.5
Axes           | 1 |  1.0
Throwing       | 1 2 |  2.2

Action                   |  1- 3 |  4- 6 |  7- 9 | 10-12 || total
-------------------------+-------+-------+-------+-------++-------
Melee: Hand axe          |     2 |    58 |     1 |       ||    61
       Dagger            |     1 |       |       |       ||     1
Throw: Boomerang         |       |       |     9 |       ||     9
 Cast: Foxfire           |    74 |    75 |   142 |    29 ||   320
       Scorch            |     1 |    24 |    34 |    16 ||    75
       Inner Flame       |     1 |     4 |    35 |    13 ||    53
       Call Imp          |       |       |     6 |     1 ||     7
  Use: Scroll            |       |       |     5 |     2 ||     7
       Potion            |       |       |     1 |       ||     1
Armor: Robe              |     6 |       |       |     3 ||     9
       Leather armour    |       |    24 |    10 |     1 ||    35
Dodge: Dodged            |    14 |    67 |    25 |    11 ||   117
